TOP OF THE 1ST |
Colorado Avalanche batting - Pitching for Calgary Flames : RHP Phil Rankin
|
Pitching: RHP Phil Rankin
|
|
Batting: LHB Daniel Green
|
0-0: Foul Ball, location: 2F 0-1: Foul Ball, location: 2F 0-2: Ball 1-2: Ball 2-2: Foul Ball, location: 2F 2-2: Fly out, F8 (Flyball, 8RM, EV 86.2 MPH)
|
Batting: LHB Nick Rooney
|
0-0: Ball 1-0: Ball 2-0: Called Strike 2-1: Foul Ball, location: 2F 2-2: Ball 3-2: Foul Ball, location: 2F 3-2: Foul Ball, location: 2F 3-2: Fly out, F5 (Popup, 56S, EV 81.2 MPH)
|
Batting: SHB Chris Besselman
|
0-0: Ball 1-0: Foul Ball, location: 2F 1-1: Ball 2-1: Foul Ball, location: 2F 2-2: Ball 3-2: Foul Ball, location: 2F 3-2: SINGLE (Line Drive, 9S, EV 107.5 MPH)
|
Batting: LHB Zane Kelton
|
0-0: Ball 1-0: Ball 2-0: Called Strike 2-1: Ball 3-1: Base on Balls Chris Besselman to second
|
Batting: LHB Mick Tucker
|
0-0: SINGLE (Groundball, 34D, EV 106.2 MPH) Chris Besselman to third Zane Kelton to second Runner from 3rd tries for Home, SAFE, throw by RF to home
|
Batting: RHB Zakhar Edelman
|
0-0: Called Strike 0-1: Ball 1-1: Swinging Strike 1-2: Strikes out looking
|
Top of the 1st over - 1 run, 2 hits, 0 errors, 2 left on base; Colorado 1 - Calgary 0 |
BOTTOM OF THE 1ST |
Calgary Flames batting - Pitching for Colorado Avalanche : LHP Glenn Lowther
|
Pitching: LHP Glenn Lowther
|
|
Batting: RHB Devon Dill
|
0-0: Foul Ball, location: 2F 0-1: Foul Ball, location: 2F 0-2: Foul Ball, location: 2F 0-2: Ball 1-2: Foul Ball, location: 2F 1-2: Ground out 6-3 (Groundball, 6, EV 106.9 MPH)
|
Batting: RHB Alex Collazo
|
0-0: Called Strike 0-1: Foul Ball, location: 2F 0-2: Strikes out swinging
|
Batting: RHB Phil McFadden
|
0-0: Ball 1-0: SINGLE (Groundball, 6M, EV 108.1 MPH) (infield hit)
|
Batting: RHB Yuusei Narita
|
0-0: Fielders Choice at 2nd, U4 (Groundball, 4M, EV 82.5 MPH)
|
Bottom of the 1st over - 0 runs, 1 hit, 0 errors, 1 left on base; Colorado 1 - Calgary 0 |
TOP OF THE 2ND |
Colorado Avalanche batting - Pitching for Calgary Flames : RHP Phil Rankin
|
Batting: LHB Nick Martin
|
0-0: Ball 1-0: Fly out, F8 (Line Drive, 8RD, EV 86.2 MPH)
|
Batting: SHB Craig Ruzic
|
0-0: Ball 1-0: Ball 2-0: Called Strike 2-1: Called Strike 2-2: Ball 3-2: Foul Ball, location: 2F 3-2: Ground out 4-3 (Groundball, 4, EV 100.0 MPH)
|
Batting: RHB Seisaburo Edagawa
|
0-0: Called Strike 0-1: Ball 1-1: Fly out, F8 (Flyball, 8RM, EV 90.6 MPH)
|
Top of the 2nd over - 0 runs, 0 hits, 0 errors, 0 left on base; Colorado 1 - Calgary 0 |
BOTTOM OF THE 2ND |
Calgary Flames batting - Pitching for Colorado Avalanche : LHP Glenn Lowther
|
Batting: RHB Jon Groseclose
|
0-0: Foul Ball, location: 2F 0-1: Fly out, F7 (Flyball, 7LM, EV 101.2 MPH)
|
Batting: SHB Shawnie Codbucket
|
0-0: SINGLE (Groundball, 4MD, EV 95.0 MPH)
|
Batting: SHB Erick Hamburger
|
0-0: Swinging Strike 0-1: Foul Ball, location: 2F 0-2: Ball 1-2: Strikes out swinging
|
Batting: RHB Rod Johnson
|
0-0: Called Strike 0-1: Foul Ball, location: 2F 0-2: Ball 1-2: Ball 2-2: Foul Ball, location: 2F 2-2: Foul Ball, location: 2F 2-2: Fielders Choice at 2nd, 6-4 (Groundball, 6, EV 80.6 MPH)
|
Bottom of the 2nd over - 0 runs, 1 hit, 0 errors, 1 left on base; Colorado 1 - Calgary 0 |
TOP OF THE 3RD |
Colorado Avalanche batting - Pitching for Calgary Flames : RHP Phil Rankin
|
Batting: LHB Daniel Green
|
0-0: Ball 1-0: Ball 2-0: Called Strike 2-1: Foul Ball, location: 2F 2-2: SOLO HOME RUN (Flyball, 9D, EV 95.0 MPH), Distance : 362 ft
|
Batting: LHB Nick Rooney
|
0-0: Ball 1-0: Foul Ball, location: 2F 1-1: Ball 2-1: Foul Ball, location: 2F 2-2: Ball 3-2: SINGLE (Line Drive, 5D, EV 110.0 MPH)
|
Batting: SHB Chris Besselman
|
0-0: Called Strike Nick Rooney steals 2nd base 0-1: Foul Ball, location: 2F 0-2: Hit by Pitch
|
Batting: LHB Zane Kelton
|
0-0: Ball 1-0: Ball 2-0: Called Strike 2-1: Called Strike 2-2: Ball 3-2: Base on Balls Nick Rooney to third Chris Besselman to second
|
Batting: LHB Mick Tucker
|
0-0: Ball 1-0: Ball 2-0: Called Strike 2-1: Foul Ball, location: 2F 2-2: SINGLE (Groundball, 4MD, EV 100.0 MPH) Nick Rooney scores Chris Besselman to third Zane Kelton to second
|
Batting: RHB Zakhar Edelman
|
0-0: Ball 1-0: Ball 2-0: Ball 3-0: Base on Balls Chris Besselman scores Zane Kelton to third Mick Tucker to second
|
Batting: LHB Nick Martin
|
0-0: Ball 1-0: Ball 2-0: Foul Ball, location: 2F 2-1: SINGLE (Groundball, 6MD, EV 100.6 MPH) (infield hit) Zane Kelton scores Mick Tucker to third Zakhar Edelman to second
|
Batting: SHB Craig Ruzic
|
0-0: Swinging Strike 0-1: Foul Ball, location: 2F 0-2: Ball 1-2: Foul Ball, location: 2F 1-2: Foul Ball, location: 2F 1-2: Fly out, F8 (Flyball, 8LD, EV 107.5 MPH) Runner from 3rd tags up, SCORES, throw by CF
|
Batting: RHB Seisaburo Edagawa
|
0-0: Ball 1-0: Called Strike 1-1: Swinging Strike 1-2: Strikes out swinging
|
Batting: LHB Daniel Green
|
0-0: Ball 1-0: Fly out, F8 (Flyball, 8RS, EV 98.1 MPH)
|
Top of the 3rd over - 5 runs, 4 hits, 0 errors, 2 left on base; Colorado 6 - Calgary 0 |
BOTTOM OF THE 3RD |
Calgary Flames batting - Pitching for Colorado Avalanche : LHP Glenn Lowther
|
Batting: RHB Tyler Johnson
|
0-0: Called Strike 0-1: Ball 1-1: Foul Ball, location: 2F 1-2: Ball 2-2: Strikes out swinging
|
Batting: RHB Devon Dill
|
0-0: Ball 1-0: Ball 2-0: Swinging Strike 2-1: Swinging Strike 2-2: Strikes out swinging
|
Batting: RHB Alex Collazo
|
0-0: Called Strike 0-1: SINGLE (Flyball, 8RS, EV 90.6 MPH)
|
Batting: RHB Phil McFadden
|
0-0: Called Strike 0-1: Ball 1-1: SINGLE (Line Drive, 9LS, EV 96.9 MPH) Alex Collazo to second Runner from 2nd tries for 3rd, SAFE, throw by RF made to third
|
Batting: RHB Yuusei Narita
|
0-0: Ball 1-0: Called Strike 1-1: Fly out, F3 (Popup, 3SF, EV 69.4 MPH)
|
Bottom of the 3rd over - 0 runs, 2 hits, 0 errors, 2 left on base; Colorado 6 - Calgary 0 |
TOP OF THE 4TH |
Colorado Avalanche batting - Pitching for Calgary Flames : RHP Phil Rankin
|
Pitching: LHP Jay Bowen
|
|
Batting: LHB Nick Rooney
|
0-0: Called Strike 0-1: Swinging Strike 0-2: Foul Ball, location: 2F 0-2: Strikes out swinging
|
Batting: SHB Chris Besselman
|
0-0: Ball 1-0: Called Strike 1-1: Swinging Strike 1-2: Ball 2-2: Strikes out swinging
|
Batting: LHB Zane Kelton
|
0-0: SOLO HOME RUN (Flyball, 9D, EV 100.6 MPH), Distance : 378 ft
|
Batting: LHB Mick Tucker
|
0-0: Foul Ball, location: 2F 0-1: Ball 1-1: Foul Ball, location: 2F 1-2: Strikes out swinging wild pitch, reaches first!
|
Batting: RHB Zakhar Edelman
|
0-0: Foul Ball, location: 2F 0-1: Ball 1-1: Called Strike 1-2: Ball 2-2: Ball 3-2: SINGLE (Line Drive, 56, EV 96.2 MPH) Mick Tucker to second Mick Tucker to third
|
Batting: LHB Nick Martin
|
0-0: Ball 1-0: Ball 2-0: Foul Ball, location: 2F 2-1: Foul Ball, location: 2F 2-2: Foul Ball, location: 2F 2-2: Fly out, F9 (Flyball, 89S, EV 90.0 MPH)
|
Top of the 4th over - 1 run, 2 hits, 0 errors, 2 left on base; Colorado 7 - Calgary 0 |
BOTTOM OF THE 4TH |
Calgary Flames batting - Pitching for Colorado Avalanche : LHP Glenn Lowther
|
Batting: RHB Jon Groseclose
|
0-0: Ball 1-0: Ball 2-0: Ground out 3-1 (Groundball, 34, EV 106.9 MPH)
|
Batting: SHB Shawnie Codbucket
|
0-0: Ball 1-0: Called Strike 1-1: Swinging Strike 1-2: Ball 2-2: Ball 3-2: Strikes out swinging
|
Batting: SHB Erick Hamburger
|
0-0: Ground out U3 (Groundball, 34, EV 88.1 MPH)
|
Bottom of the 4th over - 0 runs, 0 hits, 0 errors, 0 left on base; Colorado 7 - Calgary 0 |
TOP OF THE 5TH |
Colorado Avalanche batting - Pitching for Calgary Flames : LHP Jay Bowen
|
Batting: SHB Craig Ruzic
|
0-0: Foul Ball, location: 2F 0-1: Foul Ball, location: 2F 0-2: Ball 1-2: SINGLE (Flyball, 78S, EV 86.9 MPH)
|
Batting: RHB Seisaburo Edagawa
|
0-0: Fly out, F9 (Flyball, 9LS, EV 88.8 MPH)
|
Batting: LHB Daniel Green
|
0-0: Ball 1-0: 2-RUN HOME RUN (Flyball, 9D, EV 97.5 MPH), Distance : 382 ft
|
Batting: LHB Nick Rooney
|
0-0: Ball 1-0: Ball 2-0: SOLO HOME RUN (Flyball, 7LD, EV 96.2 MPH), Distance : 362 ft
|
Pitching: RHP Sam Barbuto
|
|
Batting: SHB Chris Besselman
|
0-0: Ball 1-0: Swinging Strike 1-1: Ball 2-1: Called Strike 2-2: Reached on error, E7 (Flyball, 7S, EV 94.4 MPH)
|
Batting: LHB Zane Kelton
|
0-0: Foul Ball, location: 2F 0-1: Ball 1-1: SINGLE (Groundball, 6D, EV 98.8 MPH) Chris Besselman to second
|
Batting: LHB Mick Tucker
|
0-0: Called Strike 0-1: Ball 1-1: Ball 2-1: Ball 3-1: Base on Balls Chris Besselman to third Zane Kelton to second
|
Batting: RHB Zakhar Edelman
|
0-0: Called Strike 0-1: Ball 1-1: Foul Ball, location: 2F 1-2: Fielders Choice at 2nd, 4-6 (Groundball, 4, EV 86.9 MPH) Chris Besselman scores Zane Kelton to third
|
Batting: LHB Nick Martin
|
0-0: Called Strike 0-1: Ball 1-1: Fly out, F8 (Flyball, 78D, EV 83.1 MPH)
|
Top of the 5th over - 4 runs, 4 hits, 1 error, 2 left on base; Colorado 11 - Calgary 0 |
BOTTOM OF THE 5TH |
Calgary Flames batting - Pitching for Colorado Avalanche : LHP Glenn Lowther
|
Batting: RHB Rod Johnson
|
0-0: Foul Ball, location: 2F 0-1: Called Strike 0-2: Fly out, F8 (Flyball, 8LM, EV 85.6 MPH)
|
Batting: RHB Tyler Johnson
|
0-0: Called Strike 0-1: Foul Ball, location: 2F 0-2: Strikes out looking
|
Batting: RHB Devon Dill
|
0-0: Ground out 6-3 (Groundball, 56, EV 102.5 MPH)
|
Bottom of the 5th over - 0 runs, 0 hits, 0 errors, 0 left on base; Colorado 11 - Calgary 0 |
TOP OF THE 6TH |
Colorado Avalanche batting - Pitching for Calgary Flames : RHP Sam Barbuto
|
Batting: SHB Craig Ruzic
|
0-0: Ball 1-0: Called Strike 1-1: Foul Ball, location: 2F 1-2: Foul Ball, location: 2F 1-2: Ball 2-2: Strikes out swinging
|
Batting: RHB Seisaburo Edagawa
|
0-0: Ball 1-0: Ball 2-0: Swinging Strike 2-1: Ground out 6-3 (Groundball, 6, EV 88.1 MPH)
|
Batting: LHB Daniel Green
|
0-0: Called Strike 0-1: Ball 1-1: Swinging Strike 1-2: Ball 2-2: Ball 3-2: Base on Balls
|
Batting: LHB Nick Rooney
|
0-0: Ground out 4-3 (Groundball, 4, EV 85.0 MPH)
|
Top of the 6th over - 0 runs, 0 hits, 0 errors, 1 left on base; Colorado 11 - Calgary 0 |
BOTTOM OF THE 6TH |
Calgary Flames batting - Pitching for Colorado Avalanche : LHP Glenn Lowther
|
Batting: RHB Alex Collazo
|
0-0: Ball 1-0: Ball 2-0: SINGLE (Line Drive, 4D, EV 99.4 MPH)
|
Batting: RHB Phil McFadden
|
0-0: Called Strike 0-1: Ball Alex Collazo is caught stealing 2nd base 2-4 1-1: Foul Ball, location: 2F 1-2: Strikes out swinging
|
Batting: RHB Yuusei Narita
|
0-0: Ball 1-0: Fly out, F7 (Flyball, 78M, EV 93.1 MPH)
|
Bottom of the 6th over - 0 runs, 1 hit, 0 errors, 0 left on base; Colorado 11 - Calgary 0 |
TOP OF THE 7TH |
Colorado Avalanche batting - Pitching for Calgary Flames : RHP Sam Barbuto
|
Batting: SHB Chris Besselman
|
0-0: Ball 1-0: Foul Ball, location: 2F 1-1: Called Strike 1-2: Foul Ball, location: 2F 1-2: Ball 2-2: SOLO HOME RUN (Flyball, 9D, EV 98.8 MPH), Distance : 376 ft
|
Pinch Hitting: RHB Dan Hoffman
|
0-0: Ball 1-0: Foul Ball, location: 2F 1-1: Swinging Strike 1-2: Ball 2-2: Strikes out looking
|
Batting: LHB Mick Tucker
|
0-0: Ball 1-0: Ball 2-0: Ground out 6-3 (Groundball, 6, EV 84.4 MPH)
|
Pinch Hitting: LHB Jerry Santana
|
0-0: Ball 1-0: Foul Ball, location: 2F 1-1: Called Strike 1-2: Strikes out swinging
|
Top of the 7th over - 1 run, 1 hit, 0 errors, 0 left on base; Colorado 12 - Calgary 0 |
BOTTOM OF THE 7TH |
Calgary Flames batting - Pitching for Colorado Avalanche : LHP Glenn Lowther
|
Now at 2B: Justin Jackson
|
|
Now in CF: Jerry Santana
|
|
Batting: RHB Jon Groseclose
|
0-0: Called Strike 0-1: Ball 1-1: Called Strike 1-2: Fly out, F8 (Line Drive, 8RM, EV 94.4 MPH)
|
Batting: SHB Shawnie Codbucket
|
0-0: Called Strike 0-1: Called Strike 0-2: Foul Ball, location: 2F 0-2: Ball 1-2: Strikes out swinging
|
Batting: SHB Erick Hamburger
|
0-0: Foul Ball, location: 2F 0-1: Foul Ball, location: 2F 0-2: Foul Ball, location: 2F 0-2: Foul Ball, location: 2F 0-2: Ball 1-2: Foul Ball, location: 2F 1-2: Strikes out swinging
|
Bottom of the 7th over - 0 runs, 0 hits, 0 errors, 0 left on base; Colorado 12 - Calgary 0 |
TOP OF THE 8TH |
Colorado Avalanche batting - Pitching for Calgary Flames : RHP Sam Barbuto
|
Batting: LHB Nick Martin
|
0-0: Ball 1-0: Swinging Strike 1-1: Swinging Strike 1-2: Foul Ball, location: 2F 1-2: Ball 2-2: Ball 3-2: Base on Balls
|
Pitching: LHP Manny Santiago
|
|
Batting: SHB Craig Ruzic
|
0-0: Called Strike 0-1: Ball 1-1: Called Strike 1-2: Fielders Choice at 2nd, 3-6 (Groundball, 34, EV 96.2 MPH)
|
Batting: RHB Seisaburo Edagawa
|
0-0: Ball 1-0: Fly out, F8 (Flyball, 8RS, EV 94.4 MPH)
|
Batting: LHB Daniel Green
|
0-0: Called Strike 0-1: Ball 1-1: Foul Ball, location: 2F 1-2: Ball 2-2: Ball 3-2: Fly out, F8 (Flyball, 8LD, EV 101.2 MPH)
|
Top of the 8th over - 0 runs, 0 hits, 0 errors, 1 left on base; Colorado 12 - Calgary 0 |
BOTTOM OF THE 8TH |
Calgary Flames batting - Pitching for Colorado Avalanche : LHP Glenn Lowther
|
Batting: RHB Rod Johnson
|
0-0: Ball 1-0: Foul Ball, location: 2F 1-1: Ball 2-1: SINGLE (Groundball, 6MD, EV 96.9 MPH)
|
Batting: RHB Tyler Johnson
|
0-0: Ball 1-0: Swinging Strike 1-1: Ball 2-1: Swinging Strike 2-2: Foul Ball, location: 2F 2-2: Foul Ball, location: 2F 2-2: Ball 3-2: Strikes out swinging
|
Batting: RHB Devon Dill
|
0-0: Ball 1-0: Fielders Choice at 2nd, 3-6 (Groundball, 3S, EV 87.5 MPH)
|
Batting: RHB Alex Collazo
|
0-0: Foul Ball, location: 2F 0-1: Ball 1-1: Foul Ball, location: 2F 1-2: Foul Ball, location: 2F 1-2: Foul Ball, location: 2F 1-2: Ball 2-2: Strikes out swinging
|
Bottom of the 8th over - 0 runs, 1 hit, 0 errors, 1 left on base; Colorado 12 - Calgary 0 |
TOP OF THE 9TH |
Colorado Avalanche batting - Pitching for Calgary Flames : LHP Manny Santiago
|
Pinch Hitting: RHB Ivan Castaneda
|
0-0: Ball 1-0: Ball 2-0: Ball 3-0: Base on Balls
|
Pinch Hitting: RHB Chris Tatum
|
0-0: Ball 1-0: Foul Ball, location: 2F 1-1: Foul Ball, location: 2F 1-2: Ball 2-2: SINGLE (Groundball, 6MD, EV 100.6 MPH) Ivan Castaneda to second
|
Batting: SHB Justin Jackson
|
0-0: Ball 1-0: Fielders Choice at 2nd, 6-4 (Groundball, 6, EV 103.1 MPH) Ivan Castaneda to third
|
Batting: LHB Mick Tucker
|
0-0: Called Strike 0-1: Ball 1-1: Swinging Strike 1-2: Foul Ball, location: 2F 1-2: Strikes out swinging
|
Pinch Hitting: RHB Mike McElroy
|
0-0: Foul Ball, location: 2F 0-1: Ball 1-1: Ball 2-1: Ball 3-1: Foul Ball, location: 2F 3-2: DOUBLE (Line Drive, 9LS, EV 102.5 MPH) Ivan Castaneda scores Justin Jackson to third Justin Jackson scores
|
Pitching: RHP Russell MacKay
|
|
Batting: LHB Nick Martin
|
0-0: Ground out 6-3 (Groundball, 6, EV 85.6 MPH)
|
Top of the 9th over - 2 runs, 2 hits, 0 errors, 1 left on base; Colorado 14 - Calgary 0 |
BOTTOM OF THE 9TH |
Calgary Flames batting - Pitching for Colorado Avalanche : LHP Glenn Lowther
|
Now at C: Chris Tatum
|
|
Now at 1B: Ivan Castaneda
|
|
Now in CF: Eric Delgado
|
|
Batting: RHB Phil McFadden
|
0-0: Called Strike 0-1: Foul Ball, location: 2F 0-2: Ball 1-2: Strikes out swinging
|
Batting: RHB Yuusei Narita
|
0-0: SINGLE (Line Drive, 89S, EV 104.4 MPH)
|
Batting: RHB Jon Groseclose
|
0-0: Called Strike 0-1: Swinging Strike 0-2: Ball 1-2: Ball 2-2: Ball 3-2: Strikes out looking
|
Pitching: LHP Juan Vargas
|
|
Batting: SHB Shawnie Codbucket
|
0-0: Ball 1-0: Swinging Strike 1-1: Called Strike 1-2: Foul Ball, location: 2F 1-2: Foul Ball, location: 2F 1-2: Foul Ball, location: 2F 1-2: Foul Ball, location: 2F 1-2: Strikes out looking
|
Bottom of the 9th over - 0 runs, 1 hit, 0 errors, 1 left on base; Colorado 14 - Calgary 0 |
|